[Event "ICC tourney 2069 (15 5)"]
[Site "Internet Chess Club"]
[Date "2020.10.18"]
[Round "4"]
[White "adimaj"]
[Black "SenileOyster"]
[Result "0-1"]
[ICCResult "White checkmated"]
[WhiteElo "1490"]
[BlackElo "1721"]
[Opening "Nimzo-Indian defense"]
[ECO "E20"]
[NIC "NI.30"]
[Time "15:01:56"]
[TimeControl "900+5"]

1. d4 Nf6 2. c4 e6 3. Nc3 Bb4 4. e4 Nxe4 5. Bd2 Nxd2 6. Qxd2 Be7 7. Nf3 d6
8. Bd3 Nd7 9. O-O Nf6 10. h3 O-O 11. Rfe1 b6 12. Ne4 Bb7 13. Nxf6+ Bxf6 14.
Be4 Bxe4 15. Rxe4 Re8 16. Ree1 e5 17. d5 g6 18. Kh1 Bg7 19. Qg5 Qxg5 20.
Nxg5 h6 21. Ne4 f5 22. Ng3 Re7 23. f4 e4 24. Rab1 Rae8 25. Ne2 Kf7 26. Kh2
g5 27. Rf1 Kg6 28. g4 Rf7 29. fxg5 hxg5 30. gxf5+ Rxf5 31. Rxf5 Kxf5 32.
Rf1+ Kg6 33. b3 Be5+ 34. Kg2 Rh8 35. Ng3 Bxg3 36. Kxg3 Re8 37. Re1 Kh5 38.
Re3 Re5 39. b4 Re8 40. a4 a5 41. b5 Re5 42. Re2 e3 43. Kf3 Kh4 44. Kg2 Re4
45. Kf3 Rxc4 46. Rxe3 Kxh3 47. Ke2+ Kh4 48. Ra3 g4 49. Kf2 Rc2+ 50. Kg1 g3
51. Kh1 Kh3 52. Ra1 Rd2 53. Kg1 Rxd5 54. Rc1 Rd4 55. Kf1 g2+ 56. Kf2 Rd2+
57. Kg1 Kg3 58. Rc3+ Kf4 59. Rc4+ Ke5 60. Rc6 Rd4 61. Rxc7 Rxa4 62. Kxg2 Rb4
63. Re7+ Kd5 64. Rh7 Rxb5 65. Rh5+ Kc6 66. Rh1 Re5 67. Rc1+ Kb7 68. Kf3 b5
69. Rd1 Kc6 70. Rc1+ Rc5 71. Ra1 a4 72. Ke4 Kb6 73. Kd4 Ka5 74. Re1 b4 75.
Re6 Rc6 76. Kd5 Rb6 77. Kc4 b3 78. Rf6 b2 79. Rf5+ Ka6 80. Rf1 a3 81. Kc3 a2
82. Rf2 a1=Q 83. Rxb2 Qxb2+ 84. Kc4 Rb4+ 85. Kd5 Qd4+ 86. Kc6 Rb6+ 87. Kd7
Qe5 88. Kc7 Qe7+ 89. Kc8 Qb7+ 90. Kd8 Qa7 91. Kc8 Rb8# {White checkmated}
0-1

[Event "ICC tourney 2069 (15 5)"]
[Site "Internet Chess Club"]
[Date "2020.10.18"]
[Round "4"]
[White "saathvikdasari"]
[Black "Legolas08"]
[Result "1-0"]
[ICCResult "Black resigns"]
[WhiteElo "1338"]
[BlackElo "1613"]
[Opening "Caro-Kann: advance variation"]
[ECO "B12"]
[NIC "CK.04"]
[Time "15:01:28"]
[TimeControl "900+5"]

1. e4 c6 2. d4 d5 3. e5 Bf5 4. h4 h5 5. Bg5 Qb6 6. Bd3 Bxd3 7. Qxd3 Qxb2 8.
Nf3 Qxa1 9. Qb3 Nd7 10. e6 fxe6 11. O-O Nb6 12. Nbd2 Qxf1+ 13. Kxf1 Nf6 14.
Ne5 Nfd7 15. Ndf3 Rg8 16. Qd3 O-O-O 17. Nf7 g6 18. Nxd8 Kxd8 19. Ne5 Nxe5
20. dxe5 Nc4 21. Qf3 Nxe5 22. Qa3 Nf7 23. Qxa7 Nxg5 24. Qb8+ Kd7 25. Qxb7+
Kd6 26. hxg5 Bg7 27. a4 Bc3 28. Qb3 d4 29. Qa3+ c5 30. a5 Ra8 31. a6 Bb4 32.
Qa4 Kc7 33. Qb5 Ra7 34. Qc4 Kd6 35. Qd3 Kd7 36. Qxg6 Rxa6 37. Qxh5 c4 38. g6
Ra5 39. Qxa5 Bxa5 40. g7 d3 41. cxd3 c3 42. g8=Q c2 43. Qg5 Bc3 44. Qc1
{Black resigns}
1-0

[Event "ICC tourney 2069 (15 5)"]
[Site "Internet Chess Club"]
[Date "2020.10.18"]
[Round "4"]
[White "meiyab"]
[Black "Deng18"]
[Result "1-0"]
[ICCResult "Black checkmated"]
[WhiteElo "1587"]
[BlackElo "1521"]
[Opening "Queen's gambit declined"]
[ECO "D30"]
[NIC "QP.08"]
[Time "15:01:47"]
[TimeControl "900+5"]

1. d4 d5 2. c4 e6 3. Nf3 Nf6 4. Bf4 Nc6 5. e3 Be7 6. c5 O-O 7. Bd3 b6 8.
cxb6 cxb6 9. Bb5 Bb7 10. Nc3 a6 11. Bd3 h6 12. Ne5 Bd6 13. Nxc6 Bxc6 14.
Bxd6 Qxd6 15. f3 Rfd8 16. O-O Qd7 17. Bc2 b5 18. Qd2 Rac8 19. a3 Bb7 20.
Rad1 Rc7 21. e4 Rdc8 22. e5 Nh7 23. f4 f5 24. exf6 Nxf6 25. f5 Re8 26. fxe6
Rxe6 27. Bf5 Bc8 28. Bxe6+ Qxe6 29. Qe2 Qd6 30. Qe5 Qd8 31. Rd3 Re7 32. Qg3
Qe8 33. Rdf3 Nh7 34. Nxd5 Re4 35. Rf8+ Qxf8 36. Rxf8+ Kxf8 37. Qf3+ Kg8 38.
Qxe4 Ng5 39. Qe8+ Kh7 40. Qxc8 b4 41. Ne7 g6 42. Qg8# {Black checkmated} 1-0

[Event "ICC tourney 2069 (15 5)"]
[Site "Internet Chess Club"]
[Date "2020.10.18"]
[Round "4"]
[White "weakfish"]
[Black "WCCJCM"]
[Result "0-1"]
[ICCResult "White resigns"]
[WhiteElo "1536"]
[BlackElo "1597"]
[Opening "Sicilian: Najdorf, 7.f4"]
[ECO "B96"]
[NIC "SI.04"]
[Time "15:02:30"]
[TimeControl "900+5"]

1. e4 c5 2. Nf3 d6 3. d4 cxd4 4. Nxd4 Nf6 5. Nc3 a6 6. Bg5 e6 7. f4 h6 8.
Bh4 Be7 9. h3 Qb6 10. Nb3 Nxe4 11. Nxe4 Bxh4+ 12. g3 Qe3+ 13. Qe2 Bxg3+ 14.
Nxg3 Qxg3+ 15. Qf2 Qxf2+ 16. Kxf2 Bd7 17. Rd1 d5 18. Bd3 Nc6 19. Rhg1 g6 20.
Nc5 b6 21. Nxa6 Ke7 22. a3 g5 23. Rde1 gxf4 24. Nc7 Ra5 25. b4 Rxa3 26.
Nxd5+ Kd8 27. Nxb6 Nxb4 28. Nxd7 Kxd7 29. Bb5+ Kd6 30. c4 Nd3+ 31. Ke2 Nxe1
32. Rxe1 Rha8 33. Rd1+ Kc5 34. Rd7 R3a7 35. Rd3 Ra2+ 36. Kd1 Rh2 {White
resigns} 0-1

[Event "ICC tourney 2069 (15 5)"]
[Site "Internet Chess Club"]
[Date "2020.10.18"]
[Round "4"]
[White "challenger2010"]
[Black "tidalwave09"]
[Result "1-0"]
[ICCResult "Black forfeits on time"]
[WhiteElo "2130"]
[BlackElo "1484"]
[Opening "Sicilian: Sveshnikov variation"]
[ECO "B33"]
[NIC "SI.38"]
[Time "15:02:54"]
[TimeControl "900+5"]

1. e4 c5 2. Nf3 Nc6 3. d4 cxd4 4. Nxd4 Nf6 5. Nc3 e5 6. Ndb5 d6 7. Bg5 a6 8.
Bxf6 gxf6 9. Na3 b5 10. Nd5 f5 11. Bxb5 axb5 12. Nxb5 Be6 13. Nbc7+ Kd7 14.
Nxa8 Bxd5 15. Qxd5 Qxa8 16. O-O fxe4 17. Qxe4 Qe8 18. b4 Be7 19. b5 Nb8 20.
a4 h5 21. a5 Rg8 22. a6 Ke6 23. a7 d5 24. Qf3 Nd7 25. Ra6+ Bd6 26. Qh3+ f5
27. a8=Q Qxa8 28. Rxa8 Rxa8 29. Qxh5 Rf8 30. Rd1 Nf6 31. Qh6 Rf7 32. c4 dxc4
33. Qc1 Nd5 34. Qxc4 Kf6 35. Qxd5 Bb4 36. b6 Rf8 37. b7 {Black forfeits on
time} 1-0

[Event "ICC tourney 2069 (15 5)"]
[Site "Internet Chess Club"]
[Date "2020.10.18"]
[Round "4"]
[White "caratclownery"]
[Black "spellking98"]
[Result "1-0"]
[ICCResult "Black resigns"]
[WhiteElo "1948"]
[BlackElo "2046"]
[Opening "Pirc: classical (two knights) system"]
[ECO "B08"]
[NIC "PU.10"]
[Time "15:01:48"]
[TimeControl "900+5"]

1. e4 d6 2. Nf3 Nf6 3. Nc3 g6 4. d4 Bg7 5. Bd3 c6 6. O-O O-O 7. e5 dxe5 8.
dxe5 Nd5 9. Ne4 Bg4 10. Ned2 Bxe5 11. h3 Bxf3 12. Nxf3 Bg7 13. a3 Nd7 14. c4
N5f6 15. Bf4 Nh5 16. Bh2 Bxb2 17. Rb1 Bg7 18. Bc2 Nc5 19. Qe2 Qa5 20. Qxe7
Rfe8 21. Qg5 h6 22. Qc1 Qc3 23. Bd6 Qxc4 24. Bxc5 Qxc5 25. Rxb7 Ng3 26. Bd3
Bc3 27. Qf4 Qd5 28. fxg3 c5 29. Rfb1 Be5 30. Nxe5 Rxe5 31. Bc4 Re1+ 32. Kh2
{Black resigns}
1-0

[Event "ICC tourney 2069 (15 5)"]
[Site "Internet Chess Club"]
[Date "2020.10.18"]
[Round "4"]
[White "Hydra88"]
[Black "JonnyTurgi"]
[Result "0-1"]
[ICCResult "White resigns"]
[WhiteElo "1480"]
[BlackElo "1930"]
[Opening "Caro-Kann: advance variation"]
[ECO "B12"]
[NIC "CK.04"]
[Time "15:01:37"]
[TimeControl "900+5"]

1. e4 c6 2. d4 d5 3. e5 Bf5 4. h4 h5 5. c4 e6 6. Nc3 Ne7 7. Qb3 Qb6 8. Qxb6
axb6 9. Nf3 Nd7 10. Bf4 dxc4 11. Bxc4 Ng6 12. Bg3 b5 13. Bb3 Bb4 14. O-O O-O
15. Rfc1 Nb6 16. a3 Be7 17. Bc2 Bxc2 18. Rxc2 Rfd8 19. Rd1 Nc4 20. Ne2 Rd7
21. Nf4 Nxf4 22. Bxf4 c5 23. Be3 Rad8 24. g3 cxd4 25. Nxd4 Bc5 26. b3 Nxe3
27. fxe3 Bxd4 28. exd4 Rxd4 29. Rxd4 Rxd4 30. Rc8+ Kh7 31. Rc7 Rd3 32. Rxf7
Rxg3+ 33. Kf2 Rxb3 34. Rxb7 Kg6 35. Ke2 Rxa3 36. Rxb5 Ra4 37. Rb6 Kf5 38.
Rb7 g6 39. Rb5 Rxh4 40. Kf3 Rf4+ 41. Kg3 Re4 42. Rb3 Kxe5 43. Rb5+ Kf6 44.
Rb3 Kf5 45. Rf3+ Kg5 46. Kh3 e5 47. Rg3+ Rg4 48. Re3 Kf4 49. Re2 e4 50. Rf2+
Ke3 51. Rf1 Ke2 52. Rh1 e3 53. Rh2+ Kd3 54. Rh1 e2 55. Rh2 e1=Q 56. Rd2+
Kxd2 {White resigns} 0-1

[Event "ICC tourney 2069 (15 5)"]
[Site "Internet Chess Club"]
[Date "2020.10.18"]
[Round "4"]
[White "fdhamija"]
[Black "MikeVillages57"]
[Result "1/2-1/2"]
[ICCResult "Game drawn by mutual agreement"]
[WhiteElo "1277"]
[BlackElo "1293"]
[Opening "French: advance, Euwe variation"]
[ECO "C02"]
[NIC "FR.03"]
[Time "15:01:51"]
[TimeControl "900+5"]

1. e4 e6 2. d4 d5 3. e5 c5 4. c3 Nc6 5. Nf3 Bd7 6. Be2 Nge7 7. O-O Nf5 8.
Na3 cxd4 9. cxd4 Qb6 10. Nc2 Be7 11. b3 O-O 12. Bb2 f6 13. Qd3 Be8 14. Ne3
Bg6 15. Nxf5 Bxf5 16. Qe3 Rac8 17. Rac1 fxe5 18. Nxe5 Nxe5 19. Qxe5 Bf6 20.
Qe3 h6 21. Rfe1 Bg5 22. f4 Bf6 23. Kh1 Be4 24. Bd3 Bh4 25. Rf1 Bxd3 26. Qxd3
Qd8 27. g3 Bf6 28. Rfe1 Qd7 29. Qe3 Rxc1 30. Bxc1 Re8 31. Bb2 Kf8 32. g4 Bh4
33. Re2 {Game drawn by mutual agreement} 1/2-1/2

[Event "ICC tourney 2069 (15 5)"]
[Site "Internet Chess Club"]
[Date "2020.10.18"]
[Round "4"]
[White "CastledQueen"]
[Black "Nani123"]
[Result "1-0"]
[ICCResult "Black checkmated"]
[WhiteElo "1679"]
[BlackElo "1030"]
[Opening "Caro-Kann: advance variation"]
[ECO "B12"]
[NIC "CK.04"]
[Time "15:04:15"]
[TimeControl "900+5"]

1. e4 c6 2. d4 d5 3. e5 Bf5 4. Bd3 Bg6 5. Nf3 e6 6. h4 Nd7 7. Be2 h6 8. c4
Bb4+ 9. Nc3 Ne7 10. g4 Qa5 11. Bd2 c5 12. a3 Bxc3 13. Bxc3 Qc7 14. dxc5 Nxc5
15. Nd4 a6 16. f4 Ne4 17. Bb4 O-O-O 18. O-O Nc6 19. Nxc6 Qxc6 20. cxd5 Rxd5
21. Qe1 Kb8 22. Rc1 Qd7 23. Bf3 Rd4 24. Bg2 f5 25. exf6 Nxf6 26. Qe5+ Ka8
27. Rc7 Nxg4 28. Qa5 Qb5 29. Qxb5 axb5 30. Rxb7 Be4 31. Rxg7 Bxg2 32. Rc1
Bf3 33. Bc3 Rd1+ 34. Rxd1 Bxd1 35. Rd7 Ba4 36. Bxh8 b4 37. Rd8+ Kb7 38. Bd4
Kc7 39. Rh8 bxa3 40. bxa3 Kd6 41. h5 Kd5 42. Bc3 Kc4 43. Bb4 e5 44. f5 Bd7
45. Rf8 e4 46. Rf7 Be8 47. Re7 Bxh5 48. Rxe4+ Kb5 49. Bd2 Nf6 50. Rb4+ Ka6
51. Bxh6 Be8 52. Rd4 Nd7 53. f6 Ne5 54. Re4 Nf3+ 55. Kf2 Bh5 56. Re6+ Ka7
57. Be3+ Kb7 58. Re7+ Kc6 59. f7 Bxf7 60. Rxf7 Ne5 61. Rf6+ Kb7 62. Re6 Nc4
63. a4 Na5 64. Rb6+ Kc7 65. Rb4 Kc6 66. Rb6+ Kc7 67. Rf6 Kb7 68. Kf3 Kc7 69.
Bb6+ Kb7 70. Bxa5 Ka7 71. Ke4 Kb8 72. Rf7 Kc8 73. Kd5 Kb8 74. Kc6 Ka8 75.
Bb6 Kb8 76. Rf8# {Black checkmated} 1-0

[Event "ICC tourney 2069 (15 5)"]
[Site "Internet Chess Club"]
[Date "2020.10.18"]
[Round "4"]
[White "sayhi2tejas"]
[Black "Camrynz1"]
[Result "0-1"]
[ICCResult "White resigns"]
[WhiteElo "1245"]
[BlackElo "1511"]
[Opening "Robatsch defense: two knights variation"]
[ECO "B06"]
[NIC "KF.05"]
[Time "15:01:43"]
[TimeControl "900+5"]

1. e4 g6 2. d4 Bg7 3. Nc3 d6 4. Nf3 Bg4 5. h3 Bxf3 6. gxf3 Nf6 7. Bc4 O-O 8.
a4 a5 9. e5 dxe5 10. dxe5 Qxd1+ 11. Nxd1 Nfd7 12. f4 Nc6 13. Be3 Nb4 14. Rc1
Kh8 15. c3 Nc6 16. b3 f6 17. e6 Nb6 18. Be2 f5 19. Bxb6 cxb6 20. Ne3 Rfd8
21. c4 Nb4 22. Kf1 Rd2 23. Rd1 Rad8 24. Rxd2 Rxd2 25. h4 Rb2 26. h5 Kg8 27.
hxg6 hxg6 28. Rg1 Rb1+ 29. Bd1 Nc2 30. Kg2 Nxe3+ 31. fxe3 Rb2+ 32. Kf3 Kh7
33. Rh1+ Bh6 34. Kg3 Kg7 35. Rh2 Rb1 36. Bc2 Rb2 37. Rd2 Kf6 38. Rh2 Bg7 39.
Bd1 Rxh2 40. Kxh2 Kxe6 41. Bf3 Bc3 42. Bxb7 Bd2 43. Kg3 Bxe3 44. Kf3 Bd2 45.
Kg3 Kd6 46. Bd5 Kc5 47. Bf7 g5 48. fxg5 Bxg5 49. Bh5 Kb4 50. Bd1 e5 51. Kf3
Kc3 52. Ke2 e4 53. Ke1 f4 54. Bg4 f3 55. Kf2 Bf4 56. Bf5 Kd3 57. Be6 Be3+
58. Kf1 Bc5 59. Bd5 Ke3 60. Be6 Kf4 61. Ke1 e3 62. Bd5 Bb4+ 63. Kd1 e2+ 64.
Kc2 e1=Q 65. Ba8 Qd2+ 66. Kb1 Bc3 {White resigns} 0-1

[Event "ICC tourney 2069 (15 5)"]
[Site "Internet Chess Club"]
[Date "2020.10.18"]
[Round "4"]
[White "danielbest"]
[Black "OnseySeyon"]
[Result "0-1"]
[ICCResult "White resigns"]
[WhiteElo "1611"]
[BlackElo "1842"]
[Opening "Nimzo-Indian: Reshevsky variation"]
[ECO "E46"]
[NIC "NI.10"]
[Time "15:04:10"]
[TimeControl "900+5"]

1. d4 Nf6 2. c4 e6 3. Nc3 Bb4 4. e3 O-O 5. Ne2 c5 6. a3 Ba5 7. dxc5 Nc6 8.
b4 Bc7 9. Bb2 Ne5 10. Ng3 a5 11. Be2 axb4 12. axb4 Rb8 13. Nb5 Nc6 14. Nxc7
Qxc7 15. b5 Ne5 16. Qd6 Qxd6 17. cxd6 Ng6 18. h4 h6 19. Bd4 b6 20. h5 Nh8
21. Bxf6 gxf6 22. Rh4 f5 23. e4 fxe4 24. Nxe4 f5 25. Nd2 Nf7 26. Rd4 Bb7 27.
g3 e5 28. Rd3 Kg7 29. Nb3 Rfc8 30. Rd2 Kf6 31. Rad1 Ke6 32. f4 Ra8 33. fxe5
Kxe5 34. Na1 Ra3 35. Kf2 Ng5 36. Bd3 Be4 37. Nc2 Rc3 38. Ne3 Nf3 39. Re2
Bxd3 40. Kxf3 Bxe2+ 41. Kxe2 Re8 42. Nd5 Kxd6+ 43. Kf2 Rc2+ 44. Kf1 Kc5 45.
Nf6 Ree2 46. Nxd7+ Kxc4 47. Nxb6+ Kxb5 48. Nd5 Rf2+ 49. Kg1 Rg2+ 50. Kf1
Rxg3 51. Rb1+ Kc5 52. Nf4 Rf3+ {White resigns} 0-1

[Event "ICC tourney 2069 (15 5)"]
[Site "Internet Chess Club"]
[Date "2020.10.18"]
[Round "4"]
[White "f5"]
[Black "guineapig25"]
[Result "1-0"]
[ICCResult "Black resigns"]
[WhiteElo "2160"]
[BlackElo "2012"]
[Opening "Sicilian: closed"]
[ECO "B24"]
[NIC "SI.44"]
[Time "15:01:32"]
[TimeControl "900+5"]

1. e4 c5 2. Nc3 Nc6 3. g3 g6 4. Bg2 Bg7 5. d3 e6 6. Be3 d6 7. f4 Nge7 8. Nf3
O-O 9. O-O Rb8 10. e5 dxe5 11. fxe5 Nxe5 12. Bxc5 b6 13. Ba3 b5 14. Bc5
Nxf3+ 15. Qxf3 Bb7 16. Qf2 Bxg2 17. Kxg2 a6 18. d4 b4 19. Ne2 Qd7 20. Qf3
Rb7 21. Rad1 Qd5 22. Qxd5 exd5 23. Nf4 Rd8 24. g4 Nc6 25. Rfe1 Bf8 26. Nd3
a5 27. Rd2 Bxc5 28. Nxc5 Re7 29. Rxe7 Nxe7 30. Re2 Nc6 31. c3 bxc3 32. bxc3
Kf8 33. Kf3 Re8 34. a4 Rxe2 35. Kxe2 Ke7 36. Kf3 g5 37. h3 h6 38. Ke3 f6 39.
Kd3 Kd6 40. c4 dxc4+ 41. Kxc4 Kc7 42. Kd5 Nb4+ 43. Ke4 Nc6 44. Kd5 Nb4+ 45.
Ke6 Nc2 46. Nb3 Nb4 47. Nxa5 {Black resigns} 1-0

[Event "ICC tourney 2069 (15 5)"]
[Site "Internet Chess Club"]
[Date "2020.10.18"]
[Round "4"]
[White "ANJANIPODICC"]
[Black "pranavchalla"]
[Result "1-0"]
[ICCResult "Black forfeits on time"]
[WhiteElo "1083"]
[BlackElo "1230"]
[Opening "Queen's pawn"]
[ECO "A40"]
[NIC "QO.17"]
[Time "15:03:43"]
[TimeControl "900+5"]

1. d4 e6 2. g4 Bb4+ 3. Bd2 Bxd2+ 4. Qxd2 Nf6 5. h3 Nc6 6. g5 Ne4 7. f3 Nxd2
8. Nxd2 Qxg5 9. h4 Qg3+ 10. Kd1 Qf2 11. Nh3 Qxd4 12. Rg1 Nb4 13. c3 Qc5 14.
cxb4 Qxb4 15. Rb1 Qa4+ 16. b3 Qxa2 17. b4 Qxb1+ 18. Nxb1 a5 19. bxa5 Rxa5
20. e4 Ra1 21. Kc1 c5 22. f4 b5 23. Bxb5 O-O 24. f5 exf5 25. exf5 d5 26. Rd1
Bb7 27. Bd7 Rd8 28. Bb5 Bc8 29. Nf2 Bxf5 30. Kb2 Rb8 31. Kxa1 Rxb5 32. Rd3
Bxd3 33. Nxd3 c4 34. Ne5 c3 35. Nxc3 Ra5+ 36. Kb2 d4 37. Nd1 Rxe5 38. Kc2
Rc5+ 39. Kd3 Rd5 40. Kc4 Rd8 41. Nb2 f5 42. Kd3 Re8 43. Kxd4 f4 44. Nd3 f3
45. Kd5 f2 46. Nxf2 Re2 47. Ne4 h6 48. h5 g5 49. Kd4 Rxe4+ 50. Kxe4 g4 51.
Ke3 Kf7 52. Kf4 Kf6 53. Kxg4 Kg7 54. Kf5 Kh7 55. Kf6 {Black forfeits on
time} 1-0

[Event "ICC tourney 2069 (15 5)"]
[Site "Internet Chess Club"]
[Date "2020.10.18"]
[Round "4"]
[White "Deng16"]
[Black "mexicoreal"]
[Result "0-1"]
[ICCResult "White forfeits on time"]
[WhiteElo "1359"]
[BlackElo "1973"]
[Opening "Ruy Lopez: four knights (Tarrasch) variation"]
[ECO "C77"]
[NIC "RL.12"]
[Time "15:01:24"]
[TimeControl "900+5"]

1. e4 e5 2. Nf3 Nc6 3. Bb5 a6 4. Ba4 Nf6 5. Nc3 b5 6. Bb3 Be7 7. a3 d6 8.
O-O O-O 9. d3 Bg4 10. h3 Bxf3 11. Qxf3 Nd4 12. Qg3 Nxb3 13. cxb3 Ne8 14. Nd5
c6 15. Ne3 g6 16. Ng4 Bg5 17. Nh6+ Bxh6 18. Bxh6 Ng7 19. f4 exf4 20. Qxf4
Qe7 21. Bg5 Qe6 22. Qh4 Qxb3 23. Qh6 f5 24. exf5 Nxf5 25. Rxf5 Rxf5 26. Re1
Qd5 27. Re7 Rf7 28. Bf6 Rxe7 29. Bxe7 Qd4+ 30. Kh1 Re8 31. Bg5 Re1+ 32. Kh2
Qg1+ 33. Kg3 Re2 34. Kh4 Qxg2 35. Bf4 Qf2+ 36. Bg3 Qf6+ 37. Kg4 Qf5+ 38. Kh4
Qxd3 39. Qg5 Qd4+ 40. Bf4 Qf2+ {White forfeits on time} 0-1

[Event "ICC tourney 2069 (15 5)"]
[Site "Internet Chess Club"]
[Date "2020.10.18"]
[Round "4"]
[White "tangent"]
[Black "musk6868"]
[Result "1-0"]
[ICCResult "Black resigns"]
[WhiteElo "2302"]
[BlackElo "2056"]
[Opening "Catalan opening"]
[ECO "E00"]
[NIC "CA.01"]
[Time "15:01:45"]
[TimeControl "900+5"]

1. d4 Nf6 2. c4 e6 3. g3 Bb4+ 4. Bd2 a5 5. Bg2 d6 6. e3 O-O 7. Bxb4 axb4 8.
Qb3 Nc6 9. Ne2 Re8 10. O-O Bd7 11. Nd2 h6 12. d5 Ne5 13. Nf4 g5 14. dxe6
fxe6 15. Ne2 Bc6 16. h3 Bxg2 17. Kxg2 Nc6 18. f4 Nd7 19. Qc2 Kg7 20. Ne4 Rf8
21. g4 Qe7 22. N2g3 Kh8 23. a3 bxa3 24. bxa3 Kg8 25. Nh5 Qh7 26. Rf2 Qg6 27.
Ra2 Qh7 28. fxg5 Rxf2+ 29. Kxf2 hxg5 30. Nef6+ Nxf6 31. Nxf6+ Kg7 32. Nxh7
{Black resigns}
1-0

[Event "ICC tourney 2069 (15 5)"]
[Site "Internet Chess Club"]
[Date "2020.10.18"]
[Round "4"]
[White "searchforbobby1"]
[Black "mortonaw"]
[Result "1-0"]
[ICCResult "Black resigns"]
[WhiteElo "2019"]
[BlackElo "1561"]
[Opening "Center game: Paulsen attack"]
[ECO "C22"]
[NIC "KP.04"]
[Time "15:01:28"]
[TimeControl "900+5"]

1. e4 e5 2. d4 exd4 3. Qxd4 Nc6 4. Qe3 d6 5. Nc3 Nf6 6. Bd2 Ng4 7. Qg3 Be6
8. O-O-O Qd7 9. f4 f5 10. Bb5 O-O-O 11. Nf3 fxe4 12. Nxe4 Nf6 13. Nxf6 gxf6
14. Nd4 Bd5 15. c4 Be4 16. Rhe1 f5 17. Bc3 Bh6 18. Rxe4 fxe4 19. Nxc6 bxc6
20. Ba6+ Kb8 21. Bxh8 Ka8 22. Bc3 Qf7 23. Rf1 Rg8 24. Qf2 Qf5 25. g3 Re8 26.
Qe3 Qh5 27. Rf2 Qf5 28. c5 Bf8 29. Re2 h5 30. Bd3 d5 31. Qd4 h4 32. Bc2 hxg3
33. hxg3 Qg4 34. Re3 Qh3 35. Ba4 Qd7 36. b4 Kb7 37. Qf6 a6 38. Bd4 Be7 39.
Qg6 Bf8 40. f5 a5 41. bxa5 Bxc5 42. Bxc5 d4 43. Bxc6+ Qxc6 44. Rb3+
{Black resigns}
1-0

[Event "ICC tourney 2069 (15 5)"]
[Site "Internet Chess Club"]
[Date "2020.10.18"]
[Round "4"]
[White "smanek75"]
[Black "chessprogidy"]
[Result "1-0"]
[ICCResult "Black resigns"]
[WhiteElo "1728"]
[BlackElo "1438"]
[Opening "Sicilian defense"]
[ECO "B20"]
[NIC "SI.48"]
[Time "15:01:54"]
[TimeControl "900+5"]

1. e4 c5 2. Bc4 Nc6 3. Nc3 g6 4. a3 Bg7 5. Nge2 Nf6 6. d3 O-O 7. h3 d6 8.
O-O Bd7 9. Rb1 a6 10. Nd5 b5 11. Ba2 Rb8 12. c3 b4 13. cxb4 cxb4 14. axb4
Nxb4 15. Nxb4 Rxb4 16. Bd2 Rb8 17. Bc4 a5 18. Nf4 Bc6 19. b3 Qd7 20. Re1 a4
21. bxa4 Bxa4 22. Qf3 Rb7 23. Nd5 Nxd5 24. Bxd5 Rxb1 25. Rxb1 Bc6 26. Re1
Bxd5 27. exd5 Rb8 28. Bg5 Re8 29. Re4 h6 30. Bh4 Qb7 31. Re1 Qb4 32. Qe4
Qxe4 33. dxe4 g5 34. Bg3 Rd8 35. Rb1 Bf6 36. f3 Rc8 37. Kh2 Kg7 38. Be1 Be5+
39. Bg3 Bf6 40. Be1 Be5+ 41. Bg3 Bf6 42. Kh1 Rc7 43. Bf2 Rc2 44. Bg3 h5 45.
Bh2 Bd4 46. Bg1 Bf6 47. Bb6 h4 48. Be3 Rc3 49. Bf2 Rc7 50. Kg1 Kg6 51. Kf1
Rc2 52. Rd1 Ra2 53. Be3 Ra3 54. Bf2 Ra2 55. Rb1 Ra7 56. Bxa7 {Black resigns}
1-0

[Event "ICC tourney 2069 (15 5)"]
[Site "Internet Chess Club"]
[Date "2020.10.18"]
[Round "4"]
[White "arya2"]
[Black "Futurebus"]
[Result "0-1"]
[ICCResult "White checkmated"]
[WhiteElo "1837"]
[BlackElo "1444"]
[Opening "Queen's pawn, Mason variation"]
[ECO "D00"]
[NIC "QP.08"]
[Time "15:04:43"]
[TimeControl "900+5"]

1. d4 d5 2. Bf4 Nf6 3. e3 Bf5 4. c4 e6 5. Nc3 Be7 6. Qb3 b6 7. Nf3 O-O 8.
Be2 Nbd7 9. cxd5 exd5 10. O-O c6 11. Ba6 Nh5 12. Bb7 Nxf4 13. exf4 Rb8 14.
Bxc6 Bd3 15. Rfe1 Bc4 16. Qc2 Nf6 17. b3 Ba6 18. Ne5 Rc8 19. Qd2 Bb4 20. a3
Bxc3 21. Qxc3 Ne4 22. Qb4 f6 23. Nd7 Rxc6 24. Nxf8 Qxf8 25. Qa4 Qc8 26. f3
Nd6 27. b4 Rc2 28. h3 b5 29. Qb3 Bb7 30. Kh2 Nf5 31. Qd3 Nh4 32. Re8+ Qxe8
33. Qxc2 Qe3 34. Qc7 Qf2 35. Rg1 Nxf3+ 36. Kh1 Qxg1# {White checkmated} 0-1

[Event "ICC tourney 2069 (15 5)"]
[Site "Internet Chess Club"]
[Date "2020.10.18"]
[Round "4"]
[White "rhohn"]
[Black "prajit5803"]
[Result "1-0"]
[ICCResult "Black forfeits on time"]
[WhiteElo "973"]
[BlackElo "1121"]
[Opening "Caro-Kann: advance variation"]
[ECO "B12"]
[NIC "CK.04"]
[Time "15:01:44"]
[TimeControl "900+5"]

1. e4 c6 2. d4 d5 3. e5 Bf5 4. f4 e6 5. Nf3 c5 6. c3 Nc6 7. a3 c4 8. b4 b5
9. a4 a6 10. a5 Nge7 11. Nbd2 h6 12. Be2 g6 13. Nf1 Bg7 14. Ne3 Be4 15. O-O
O-O 16. g4 Qc7 17. Nd2 Na7 18. Nxe4 dxe4 19. f5 exf5 20. gxf5 Nec6 21. f6
Bh8 22. Qe1 Rfd8 23. Qh4 Qd7 24. Qxh6 Qe8 25. Rf4 Qf8 26. Qh3 Bg7 27. Rh4
Rdc8 28. Ng4 {Black forfeits on time} 1-0

[Event "ICC tourney 2069 (15 5)"]
[Site "Internet Chess Club"]
[Date "2020.10.18"]
[Round "4"]
[White "Goran21"]
[Black "TjkTiger"]
[Result "0-1"]
[ICCResult "White checkmated"]
[WhiteElo "2077"]
[BlackElo "2604"]
[Opening "Sicilian: Hungarian variation"]
[ECO "B27"]
[NIC "SI.43"]
[Time "15:02:21"]
[TimeControl "900+5"]

1. e4 c5 2. Nf3 g6 3. d3 Bg7 4. g3 Nc6 5. Bg2 Nf6 6. O-O d5 7. Nbd2 O-O 8.
Re1 e5 9. exd5 Nxd5 10. Nc4 f6 11. a4 Be6 12. c3 Bf7 13. Nfd2 Nb6 14. Qe2
Re8 15. Ne4 Nxc4 16. dxc4 Na5 17. Rd1 Bxc4 18. Qf3 Qe7 19. Nd6 Red8 20. Nxc4
Nxc4 21. b3 Na5 22. Be3 Nxb3 23. Rab1 Na5 24. Qe2 a6 25. c4 Kh8 26. Rd5 Rxd5
27. cxd5 Qd7 28. Qc2 c4 29. Qc3 b6 30. Bxb6 Nb3 31. a5 Rc8 32. Rd1 e4 33.
Qe3 f5 34. Qe2 c3 35. Qc2 Nd2 36. Be3 Nc4 37. Bc1 Nxa5 38. Bf1 Nc4 39. d6 h5
40. h4 a5 41. Qa2 Ne5 42. Qxa5 c2 43. Rd5 Nf3+ 44. Kg2 f4 45. Qb5 Nxh4+ 46.
Kh1 Qxb5 47. Bxb5 Nf5 48. d7 Rd8 49. Rc5 e3 50. gxf4 e2 51. Bxe2 Rxd7 52.
Rxc2 Nd4 53. Rc8+ Kh7 54. Bc4 Nf5 55. Be6 Rd1+ 56. Kg2 Nh4+ 57. Kg3 Nf5+ 58.
Kh2 Bd4 59. Rc7+ Ng7 60. Bb3 Rd3 61. Bc4 Rf3 62. Bd5 Rxf2+ 63. Kg3 Rf1 64.
Be4 Re1 65. Kf3 Rf1+ 66. Ke2 Rf2+ 67. Kd3 Bf6 68. Be3 Rf1 69. Ke2 Ra1 70. f5
gxf5 71. Bxf5+ Kg8 72. Bg6 Ra8 73. Rf7 Be5 74. Re7 Bf6 75. Rf7 Ba1 76. Rb7
h4 77. Bf4 Bf6 78. Rb3 Ne6 79. Be3 Kg7 80. Be4 Ra2+ 81. Kd3 Bg5 82. Rb7+ Kf6
83. Bb6 h3 84. Rh7 h2 85. Kc4 Ra4+ 86. Kd3 Nf4+ 87. Ke3 Ng6+ 88. Kf3 Nh4+
89. Kg3 Rxe4 90. Kxh2 Kf5 91. Kg3 Rg4+ 92. Kf2 Rb4 93. Bc7 Rb2+ 94. Ke1 Nf3+
95. Kf1 Bh4 96. Rf7+ Ke4 97. Bb6 Rxb6 98. Kg2 Rg6+ 99. Kf1 Rg1+ 100. Ke2
Re1# {White checkmated} 0-1

[Event "ICC tourney 2069 (15 5)"]
[Site "Internet Chess Club"]
[Date "2020.10.18"]
[Round "5"]
[White "betterone76"]
[Black "PADMINIPODICC"]
[Result "1-0"]
[ICCResult "Black checkmated"]
[WhiteElo "1799"]
[BlackElo "1037"]
[Opening "Philidor: Nimzovich variation"]
[ECO "C41"]
[NIC "KP.08"]
[Time "16:03:00"]
[TimeControl "900+5"]

1. e4 e5 2. Nf3 d6 3. d4 Nf6 4. dxe5 dxe5 5. Qxd8+ Kxd8 6. Nxe5 Nxe4 7.
Nxf7+ Ke7 8. Nxh8 Ng3 9. hxg3 Kf6 10. Bd3 Bb4+ 11. c3 Ba5 12. Rxh7 g6 13.
Rf7+ Ke5 14. Bf4+ Kd5 15. Na3 Ke6 16. Bc4# {Black checkmated} 1-0